 Dungeon Crawl Stone Soup version 0.31-a0-1074-g0b22e4e0f1 (webtiles) character file.

Game seed: 9405151608964236256

794 hikkokomori the Trooper (level 7, 0/75 HPs)
             Began as an Ogre Gladiator on Nov 28, 2023.
             Was a Follower of Okawaru.
             Succumbed to a killer bee's poison
             ... on level 5 of the Dungeon.
             The game lasted 00:09:06 (4107 turns).

hikkokomori the Trooper (Ogre Gladiator)            Turns: 4107, Time: 00:09:07

Health: 0/75       AC:  4    Str: 17    XL:     7   Next: 89%
Magic:  11/11      EV:  9    Int: 11    God:    Okawaru [*.....]
Gold:   186        SH:  0    Dex: 10    Spells: 8/11 levels left

rFire   + . .        a - +1 war axe
rCold   . . .        (no shield)
rNeg    . . .        y - +0 troll leather armour {Pargi}
rPois   .            c - +0 hat
rElec   .            (no cloak)
rCorr   .            (gloves unavailable)
SInv    .            (boots unavailable)
Will    .....        (no amulet)
Stlth   +            h - ring of protection from fire
HPRegen 1.12/turn    (no ring)
MPRegen 0.12/turn

%: no passive effects
@: lethally poisoned (0 -> -4), attractive, invisible
A: large, unfitting armour, tough skin 1, mutation resistance 1, weak 1
a: Renounce Religion, Heroism


You were on level 5 of the Dungeon.
You worshipped Okawaru.
Okawaru was aware of your devotion.
You visited 2 branches of the dungeon, and saw 6 of its levels.
You also visited: Sewer.

You collected 186 gold pieces.

Inventory:

Hand Weapons
 a - a +1 war axe (weapon)
 e - a +0 giant club
Missiles
 d - a throwing net (quivered)
 i - 3 curare-tipped darts
 p - a large rock
Armour
 b - a +0 robe
 c - a +0 hat (worn)
 y - a +0 troll leather armour (worn) {Pargi}
Jewellery
 h - a ring of protection from fire (left hand)
 o - the amulet "Vivamop" {Reflect Harm Drain Dex+2 SH+5}
   (You found it on level 2 of the Dungeon)

   [amulet of reflection]

   Reflect:   It reflects blocked missile attacks.
   Dex+2:     It affects your dexterity (+2).
   Drain:     It drains your maximum health when unequipped.
   SH+5:      It affects your SH (+5).
   Harm:      It increases damage dealt and taken.
Scrolls
 g - a scroll of immolation {unknown}
 k - 2 scrolls of identify
 m - a scroll of vulnerability
 n - a scroll of fog {unknown}
 r - 2 scrolls of teleportation
 x - 2 scrolls of enchant weapon
 z - a scroll of noise {unknown}
Potions
 f - 2 potions of cancellation {unknown}
 j - a potion of lignification
 l - a potion of berserk rage {unknown}
 q - a potion of enlightenment
 t - a potion of mutation
 u - a potion of ambrosia {unknown}
 v - a potion of attraction
 w - a potion of curing {unknown}
 A - a potion of degeneration {unknown}


   Skills:
 + Level 6.3 Fighting
 + Level 5.2 Axes
 + Level 4.6 Throwing
 - Level 2.6 Dodging
 + Level 2.7 Spellcasting
 - Level 1.6 Transmutations
 + Level 1.5 Invocations


You had 8 spell levels left.
You knew the following spells:

 Your Spells              Type           Power      Damage    Failure   Level
a - Wereblood             Tmut           5%         N/A       26%         2
b - Sandblast             Erth           2%         2d4       32%         1

Your spell library contained the following spells:

 Spells                   Type           Power      Damage    Failure   Level
 Passwall                 Tmut/Erth      2%         N/A       34%         2
 Poisonous Vapours        Pois/Air       2%         N/A       45%         2
 Sublimation of Blood     Necr           1%         N/A       45%         2
 Mephitic Cloud           Conj/Pois/Air  1%         N/A       69%         3
 Stone Arrow              Conj/Erth      2%         3d7       69%         3
 Brom's Barrelling Bould  Conj/Erth      1%         2d3       97%         4
 Freezing Cloud           Conj/Ice/Air   0%         6-21      100%        5
 Summon Small Mammal      Summ           Unusable   N/A       N/A         1
 Call Canine Familiar     Summ           Unusable   N/A       N/A         3
 Summon Guardian Golem    Hex/Summ       Unusable   N/A       N/A         3
 Summon Hydra             Summ           Unusable   N/A       N/A         7

Dungeon Overview and Level Annotations

Branches:
Dungeon (5/15)             Temple (1/1) D:4           Sewer (visited)

Altars:
Ashenzari
Cheibriados
Dithmenos
Fedhas
Gozag
Hepliaklqana
Nemelex Xobeh
Okawaru
Qazlal
Ru
Sif Muna
Trog
Uskayaw
Vehumet
Wu Jian
Xom
Yredelemnul
Zin


Innate Abilities, Weirdness & Mutations

You are too large for most types of armour.
You have tough skin. (AC +1)
You are somewhat resistant to further mutation.
You are weak. (Str -2)


Message History

The killer bee poisons you!
The killer bee stings you but does no damage.
You miss the killer bee.
The killer bee is severely wounded.
You miss the killer bee.
You feel very sick. The killer bee closely misses you.
The killer bee stings you but does no damage. x2
The killer bee stings you.
You barely miss the killer bee.
The killer bee is severely wounded.
You completely miss the killer bee.
You feel very sick. The killer bee stings you.
You are more poisoned.
The killer bee poisons you! The killer bee barely misses you.
The killer bee stings you but does no damage.
The killer bee closely misses you. The killer bee barely misses you.
You miss the killer bee.
The killer bee is severely wounded.
You closely miss the killer bee.
You feel very sick.
The killer bee stings you but does no damage.
The killer bee barely misses you. The killer bee stings you.
* * * LOW HITPOINT WARNING * * *
The killer bee stings you.
* * * LOW HITPOINT WARNING * * *
You are more poisoned.
The killer bee poisons you! The killer bee stings you.
* * * LOW HITPOINT WARNING * * *
Unknown command.
It was a potion of attraction.
You feel attractive to monsters.
* * * LOW HITPOINT WARNING * * *
You feel very sick.
The killer bee barely misses you. x2; The killer bee closely misses you.
The killer bee completely misses you.
Unknown command.
You fade into invisibility!
You die...

##...## ###..#
##...###...# .....##
#.........# ......#
##....###..# .......
###..#### #..## .....$.
##...## ##.>.## ##......#
#...## #.....# #......#
..### #.....## ##......#
..# #....#.@## #......#
..## #...###yy###......#
...# #...## #...........#
...## ##..#
#......###.....
....####..# #......##
#..y. .....##...#
###......(. ...#
.........####............
.##
.........##....##.........
#
...............####..#####


You could see 2 killer bees.

Vanquished Creatures
  Sigmund (D:5)
  A water moccasin (D:5)
  Pargi (Sewer)
  An ogre (D:3)
  2 scorpions (D:5)
  An orc priest (D:4)
  An iguana (D:5)
  3 sleepcaps
  An adder (D:2)
  2 ufetubi (D:5)
  5 worms (D:2)
  5 dart slugs
  2 orcs (D:4)
  5 ball pythons
  8 endoplasms
  5 giant cockroaches
  5 goblins
  3 hobgoblins
  6 kobolds
  A quokka (D:2)
  6 bats
  2 frilled lizards
  4 rats
  A spectral hobgoblin (D:1)
72 creatures vanquished.

Notes
Turn   | Place    | Note
-------+----------+-------------------------------------------
     0 | D:1      | hikkokomori the Ogre Gladiator began the quest for the Orb.
     0 | D:1      | Reached XP level 1. HP: 22/22 MP: 1/1
   120 | D:1      | Found a faded altar of an unknown god.
   155 | D:1      | Reached skill level 3 in Fighting
   155 | D:1      | Reached XP level 2. HP: 19/31 MP: 2/2
   727 | D:2      | Reached XP level 3. HP: 23/37 MP: 3/3
  1234 | D:2      | Reached XP level 4. HP: 42/48 MP: 4/4
  1350 | D:2      | Identified the amulet "Vivamop" {Reflect Harm Drain Dex+2
                  | SH+5}
  1378 | D:2      | Reached skill level 4 in Fighting
  1506 | D:3      | Noticed an ogre
  1517 | D:3      | Killed an ogre
  1518 | D:3      | Reached XP level 5. HP: 21/55 MP: 5/5
  1727 | D:3      | You fall into a shaft and drop 1 floor!
  1799 | D:4      | Found a staircase to the Ecumenical Temple.
  1813 | D:4      | Reached skill level 5 in Fighting
  1817 | Temple   | Entered the Ecumenical Temple
  1824 | Temple   | Learned a level 2 spell: Wereblood
  1826 | Temple   | Learned a level 1 spell: Sandblast
  2629 | D:3      | Found a broken altar of Ashenzari.
  2755 | Temple   | Became a worshipper of Warmaster Okawaru
  2821 | D:3      | Reached XP level 6. HP: 66/66 MP: 6/6
  2971 | D:5      | Entered Level 5 of the Dungeon
  2976 | D:5      | Noticed Sigmund
  2991 | D:5      | Killed Sigmund
  2992 | D:5      | Reached skill level 1 in Spellcasting
  2992 | D:5      | Reached skill level 1 in Transmutations
  2992 | D:5      | Reached XP level 7. HP: 56/72 MP: 6/9
  3222 | D:5      | HP: 3/74 [sleepcap (7)]
  3320 | D:5      | Found a glowing drain.
  3367 | Sewer    | Entered a sewer
  3665 | Sewer    | Noticed Pargi
  3677 | Sewer    | Killed Pargi
  3677 | Sewer    | Reached * piety under Okawaru
  3678 | Sewer    | Reached skill level 6 in Fighting
  3678 | Sewer    | Reached skill level 5 in Axes
  3678 | Sewer    | Reached skill level 1 in Invocations
  3967 | D:5      | Gained mutation: You are weak. (Str -2) [potion of
                  | mutation]
  3967 | D:5      | Gained mutation: You are somewhat resistant to further
                  | mutation. [potion of mutation]
  4106 | D:5      | HP: 2/75 [poisoned by a killer bee]
  4107 | D:5      | Succumbed to a killer bee's poison

Illustrated notes

Levels and vault maps discovered:
D:1:      arrival_zaba_pyramid, layout_basic,
          dreamdust_ecumenical_altar_drowned_temple
D:2:      layout_rooms
D:3:      layout_rooms, mainiacjoe_overflow_six_doors_small,
          minmay_misc_feat_encased
D:4:      layout_cave_pods, minmay_temple_entry_proselytizer
D:5:      layout_layer_cave, mainiacjoe_sewer_entry_somewhere_in_here_2,
          uniq_sigmund
Temple:   bh_familiar_temple

Skill      XL: |  1  2  3  4  5  6  7 |
---------------+----------------------+-----
Fighting       | 3 4 5 6 |  6.3
Axes           | 4 5 |  5.2
Throwing       | 3 4 |  4.6
Spellcasting   | 1 2 |  2.7
Transmutations | 1 |  1.6
Invocations    | 1 |  1.5
Dodging        | |  2.6

Action                     |  1- 3 |  4- 6 |  7- 9 || total
---------------------------+-------+-------+-------++-------
  Melee: War axe           |    85 |    68 |    85 ||   238
         Punch             |     1 |     2 |     1 ||     4
  Throw: Throwing net      |       |     3 |     4 ||     7
         Large rock        |       |     1 |       ||     1
         Dart              |       |       |     1 ||     1
   Cast: Wereblood         |       |       |     1 ||     1
    Use: Scroll            |       |     5 |     1 ||     6
         Potion            |       |     1 |     6 ||     7
   Stab: Sleeping          |     1 |       |     2 ||     3
 Armour: Robe              |    60 |    36 |    77 ||   173
         Skin              |       |    19 |    16 ||    35
         Troll leather arm |       |       |    22 ||    22
  Dodge: Dodged            |    42 |    28 |    76 ||   146

Table legend: (Time is in decaauts)
 A = Elapsed time spent in this place.
 B = Non-inter-level travel time spent in this place.
 C = Inter-level travel time spent in this place.
 D = Time resting spent in this place.
 E = Time spent auto-exploring this place.
 F = Levels seen in this place.
 G = Mean time per level.
                   A        B        C        D        E       F      G
               +--------+--------+--------+--------+--------+-----+--------+
         Total |   4176 |   3896 |    280 |    510 |   2541 |   7 |  596.6 |
       Dungeon |   3512 |   3250 |    262 |    181 |   2353 |   5 |  702.4 |
        Temple |    134 |    116 |     18 |      0 |     82 |   1 |  134.0 |
         Sewer |    529 |    529 |      0 |    329 |    106 |   1 |  529.0 |
               +--------+--------+--------+--------+--------+-----+--------+

Top non-repeatable levels by time:
     D:4: 824 daAuts
     D:2: 798 daAuts
     D:1: 704 daAuts
     D:5: 629 daAuts
     D:3: 556 daAuts
   Sewer: 529 daAuts
  Temple: 134 daAuts
